 Dungeon Crawl Stone Soup version 0.24.0-1-gfbc8707122 (webtiles) character file.

Game seed: 15010641376009395155, levelgen mode: deterministic

1339 Arum the Shield-Bearer (level 8, -9/67 HPs)
             Began as a Formicid Fighter on Oct 27, 2019.
             Killed by divine providence
             ... invoked by an orc priest
              (15 damage)
             ... on level 5 of the Dungeon.
             The game lasted 00:07:33 (4481 turns).

Arum the Shield-Bearer (Formicid Fighter)           Turns: 4481, Time: 00:07:34

Health: -9/67      AC:  5    Str: 23    XL:     8   Next: 93%
Magic:  8/8        EV:  9    Int:  8    God:
Gold:   287        SH: 11    Dex: 10    Spells: 7/7 levels left

rFire    . . .     SeeInvis +   a - +0 quarterstaff
rCold    . . .     Gourm    .   c - +0 shield
rNeg     . . .     Faith    .   b - +0 scale mail
rPois    .         Spirit   .   (helmet unavailable)
rElec    .         Reflect  .   (no cloak)
rCorr    .         Harm     .   (no gloves)
MR       .....                  h - +0 pair of boots
Stlth    +.........             (no amulet)
HPRegen  0.21/turn              q - -3 ring of protection (curse)
MPRegen  0.11/turn              o - ring of stealth

@: no status effects
A: permanent stasis, dig shafts and tunnels, four strong arms, antennae 3
a: Dig, Shaft Self


You were on level 5 of the Dungeon.
You were not hungry.

You visited 1 branch of the dungeon, and saw 5 of its levels.
You also visited: Sewer.

You collected 287 gold pieces.

Inventory:

Hand Weapons
 a - a +0 quarterstaff (weapon)
Armour
 b - a +0 scale mail (worn)
 c - a +0 shield (worn)
 h - a +0 pair of boots (worn)
Jewellery
 o - a ring of stealth (right hand)
 q - a cursed -3 ring of protection (left hand)
Wands
 t - a wand of random effects (20)
Scrolls
 e - 5 scrolls of remove curse {unknown}
 g - 7 scrolls of identify {unknown}
 j - a scroll of random uselessness {unknown}
 m - 2 scrolls of magic mapping {unknown}
 p - a scroll of enchant armour {unknown}
 s - 3 scrolls of teleportation {unknown}
 u - a scroll of enchant weapon {unknown}
Potions
 d - 2 potions of might
 i - 2 potions of flight {unknown}
 k - 6 potions of curing {unknown}
 l - a potion of brilliance {unknown}
 n - a potion of heal wounds {unknown}
 r - a potion of berserk rage {unknown}
 w - a potion of degeneration {unknown}
Comestibles
 f - 9 rations


   Skills:
 + Level 7.2 Fighting
 + Level 6.2 Staves
 - Level 3.2 Armour
 + Level 7.9 Shields


You had 7 spell levels left.
You didn't know any spells.
Your spell library contained the following spells:

 Spells                   Type           Power        Failure   Level  Hunger
 Freeze                   Ice            #...         80%         1    ##.....
 Throw Frost              Conj/Ice       #.....       90%         2    ###....
 Ozocubu's Armour         Chrm/Ice       #.......     99%         3    ####...
 Summon Ice Beast         Ice/Summ       #.......     100%        4    #####..
 Throw Icicle             Conj/Ice       #.......     100%        4    #####..


Dungeon Overview and Level Annotations

Branches:
Dungeon (5/15)              Sewer (visited)
 Temple: D:4-7

Altars:


Innate Abilities, Weirdness & Mutations

You cannot be hasted, slowed, berserked, paralysed or teleported.
You can dig through walls and to a lower floor.
Your four strong arms can wield two-handed weapons with a shield.
You have a pair of large antennae on your head. (SInv)


Message History

You block the orc's attack.
You closely miss the orc.
The orc is heavily wounded.
The orc hits you with a +0 flail.
* * * LOW HITPOINT WARNING * * *
You thump the orc!
You kill the orc!
You completely miss the orc priest. You block the orc priest's attack.
You closely miss the orc priest. The orc priest closely misses you.
You hit the orc priest.
The orc priest is heavily wounded.
You hit the orc priest but do no damage.
The orc priest is heavily wounded.
The orc priest hits you with a +0 hand axe.
* * * LOW HITPOINT WARNING * * *
You closely miss the orc priest.
The orc priest is heavily wounded.
The orc priest invokes the aid of Beogh against you.
Beogh smites you!
You die...

.................#
..#........#.....#
..###.....!##...##
##..o.#..#..#..
#....o#.###..##
#......{.# .##
#...###{## ....##
##o# .... #@##
.$.. ### h...


You could see an orc priest.

Vanquished Creatures
  Grinder (D:4)
  A sky beast (D:4)
  2 phantoms
  3 ogres
  A centaur (D:3)
  A crocodile (Sewer)
  2 scorpions
  A howler monkey (D:4)
  A crimson imp (D:5)
  An orc priest (D:4)
  A hound (D:4)
  4 worker ants
  A hound skeleton (D:5)
  3 adders
  2 river rats (D:3)
  An ooze (D:2)
  A worm (D:3)
  2 dart slugs
  3 leopard geckos
  9 orcs
  4 giant cockroaches
  6 hobgoblins
  A jackal (D:5)
  8 kobolds
  2 quokkas
  4 ball pythons
  13 bats
  5 frilled lizards
  5 goblins
  A quokka skeleton (D:5)
  10 rats
100 creatures vanquished.

Notes
Turn   | Place    | Note
-------+----------+-------------------------------------------
     0 | D:1      | Arum the Formicid Fighter began the quest for the Orb.
     0 | D:1      | Reached XP level 1. HP: 18/18 MP: 1/1
    87 | D:1      | Reached XP level 2. HP: 24/24 MP: 2/2
   650 | D:2      | Reached XP level 3. HP: 28/30 MP: 3/3
   786 | D:2      | Reached XP level 4. HP: 27/37 MP: 4/4
  1016 | D:2      | Noticed an ogre
  1260 | D:1      | Killed an ogre
  1260 | D:1      | Reached skill level 5 in Shields
  1260 | D:1      | Reached XP level 5. HP: 24/43 MP: 5/5
  1463 | D:2      | Noticed a phantom
  1497 | D:2      | Killed a phantom
  1497 | D:2      | Reached XP level 6. HP: 34/50 MP: 6/6
  1532 | D:2      | Reached skill level 5 in Fighting
  2325 | D:3      | Reached XP level 7. HP: 48/56 MP: 7/7
  2365 | D:3      | Found a glowing drain.
  2370 | Sewer    | Entered a sewer
  3028 | D:4      | HP: 1/57 [sky beast (6)]
  3348 | D:4      | Reached skill level 5 in Staves
  3360 | D:4      | Reached XP level 8. HP: 57/64 MP: 8/8
  3786 | D:4      | Noticed Grinder
  3800 | D:4      | Killed Grinder
  4407 | D:5      | Entered Level 5 of the Dungeon
  4481 | D:5      | Killed from afar by an orc priest

Levels and vault maps discovered:
D:1:      eino_arrival_cavern_a, layout_loops_ring, minmay_misc_feat_five,
          kennysheep_nondescript
D:2:      cheibrodos_old_hovel, layout_loops_cross, minmay_diced_spiral
D:3:      kb_forest_paths, layout_loops_cross, portal_sewer_entry_e,
          minmay_misc_feat_diagonals
D:4:      layout_loops_ring, uniq_grinder
D:5:      layout_cave_pools, grunt_temple_overflow_diamond,
          minmay_temple_entry_enclosed_plants, first_ration, basic_altar,
          serial_shops, shop, uniq_ijyb

Skill      XL: |  1  2  3  4  5  6  7  8 |
---------------+-------------------------+-----
Shields        | 4 5 6 7 |  7.9
Fighting       | 4 5 6 7 |  7.2
Staves         | 3 4 5 6 |  6.2
Armour         | |  3.2

Action                   |  1- 3 |  4- 6 |  7- 9 || total
-------------------------+-------+-------+-------++-------
Melee: Quarterstaff      |    72 |   150 |   199 ||   421
 Abil: Dig               |       |       |     3 ||     3
Evoke: Wand              |       |       |     6 ||     6
  Eat: Chunk             |       |     5 |     7 ||    12
Armor: Scale mail        |    26 |    53 |    43 ||   122
Dodge: Dodged            |    23 |    51 |    58 ||   132
Block: Shield            |    42 |    89 |   111 ||   242
